 Dungeon Crawl Stone Soup version 0.31-a0-339-gda1cbd555d (webtiles) character file.

Game seed: 14450826379765324179

75 avis the Chopper (level 4, 0/39 HPs)
             Began as a Hill Orc Monk on July 20, 2023.
             Constricted to death by Ijyb (6 damage)
             ... on level 3 of the Dungeon.
             The game lasted 00:07:18 (1385 turns).

avis the Chopper (Hill Orc Monk)                    Turns: 1385, Time: 00:07:19

Health: 0/39       AC:  8    Str: 15    XL:     4   Next: 31%
Magic:  4/4        EV:  4    Int: 10    God:
Gold:   63         SH:  0    Dex: 13    Spells: 3/3 levels left

rFire   + . .        a - +0 hand axe
rCold   . . .        d - orb {light}
rNeg    . . .        i - +0 chain mail
rPois   .            (no helmet)
rElec   .            (no cloak)
rCorr   .            (no gloves)
SInv    .            (no boots)
Will    .....        (no amulet) Stlth
                     n - ring of protection from fire
HPRegen 0.26/turn    (no ring)
MPRegen 0.09/turn

%: no passive effects
@: grasped by roots, glowing, constricted
A: no striking features
a: no special abilities


You were on level 3 of the Dungeon.
You visited 1 branch of the dungeon, and saw 3 of its levels.

You collected 63 gold pieces.

Inventory:

Hand Weapons
 a - a +0 hand axe (weapon)
Missiles
 g - 3 poisoned darts
Armour
 b - a +0 robe
 d - an orb of light (worn)
 i - a +0 chain mail (worn)
Magical Staves
 q - a staff of poison
Jewellery
 n - a ring of protection from fire (left hand)
Scrolls
 e - 3 scrolls of teleportation {unknown}
 f - 3 scrolls of identify {unknown}
 h - a scroll of revelation {unknown}
 j - a scroll of fog {unknown}
 l - a scroll of noise {unknown}
 o - a scroll of vulnerability {unknown}
Potions
 c - a potion of ambrosia
 k - 2 potions of curing {unknown}
 m - 2 potions of haste {unknown}
 p - 4 potions of attraction {unknown}
 r - a potion of might {unknown}


   Skills:
 - Level 3.6 Fighting
 * Level 6.6 Axes
 - Level 2.4 Dodging


You had 3 spell levels left.
You didn't know any spells.
Your spell library contained the following spells:

 Spells                   Type           Power      Damage    Failure   Level
 Chain Lightning          Conj/Air       0%         N/A       100%        9
 Fire Storm               Conj/Fire      0%         5d1       100%        9
 Shatter                  Erth           0%         3d5*      100%        9


Dungeon Overview and Level Annotations

Branches:
Dungeon (3/15)

Altars:
Makhleb
Nemelex Xobeh

Annotations:
D:3 1 transporter, Ijyb


Message History

The adder is unaffected.
Ijyb is unaffected.
The grasping roots constrict you. The adder bites you but does no damage.
You hit Ijyb.
Ijyb is lightly wounded.
You hit the adder.
You feel sick. Ijyb hits you but does no damage.
The grasping roots constrict you. The adder bites you but does no damage.
You hit Ijyb.
Ijyb is moderately wounded.
You completely miss the adder.
You feel sick. The adder bites you. Ijyb hits you but does no damage.
The grasping roots constrict you.
You hit Ijyb but do no damage.
Ijyb is moderately wounded.
You hit the adder.
You feel sick. The adder bites you but does no damage.
Ijyb hits you but does no damage. The grasping roots constrict you.
The adder barely misses you.
The grasping roots release their grip on you.
You hit Ijyb but do no damage.
Ijyb is moderately wounded.
You barely miss the adder.
You feel sick.
Ijyb zaps a wand.
The roots erupt in riotous growth!
The grasping roots grab you!
The adder is unaffected.
Ijyb is unaffected.
The grasping roots constrict you. The adder barely misses you.
You hit Ijyb but do no damage.
Ijyb is moderately wounded.
You hit the adder.
You kill the adder!
You feel sick.
You are no longer poisoned.
Ijyb barely misses you. The grasping roots constrict you.
* * * LOW HITPOINT WARNING * * *
You hit Ijyb.
Ijyb is heavily wounded.
Ijyb hits you but does no damage. The grasping roots constrict you.
* * * LOW HITPOINT WARNING * * *
An adder comes into view.
You hit Ijyb but do no damage.
Ijyb is heavily wounded.
Ijyb hits you but does no damage. The grasping roots constrict you.
You die...

#......#
#.#
##.##.##
#.#
#......#
#.#
#.####.#
#.##
#......#
#.<#
##.##.##
#......#
#......#
#..######
###.g###
.
#..@†..#
##.##.##
#S ... ..
..... ##.
...... #.
>..... ..
...... #.


You could see Ijyb and an adder.

Vanquished Creatures
  3 adders
  A worm (D:2)
  An orc (D:3)
  6 bats
  An endoplasm (D:2)
  A giant cockroach (D:3)
  6 hobgoblins
  3 jackals (D:3)
  3 kobolds
  A quokka (D:2)
  6 frilled lizards
  5 goblins
  9 rats
46 creatures vanquished.

Notes
Turn   | Place    | Note
-------+----------+-------------------------------------------
     0 | D:1      | avis the Hill Orc Monk began the quest for the Orb.
     0 | D:1      | Reached XP level 1. HP: 19/19 MP: 1/1
   176 | D:1      | Reached XP level 2. HP: 26/26 MP: 2/2
   230 | D:1      | Reached skill level 5 in Axes
   491 | D:2      | Reached XP level 3. HP: 29/31 MP: 3/3
   661 | D:2      | Reached skill level 6 in Axes
  1180 | D:3      | Found a transporter.
  1190 | D:3      | Found a sparkling altar of Nemelex Xobeh.
  1215 | D:3      | Reached XP level 4. HP: 35/39 MP: 4/4
  1215 | D:3      | Found a burning altar of Makhleb.
  1373 | D:3      | Noticed Ijyb
  1385 | D:3      | Constricted to death by Ijyb

Illustrated notes

Levels and vault maps discovered:
D:1:      amcnicky_arrival_gap_in_the_tavern_cellar, layout_rooms
D:2:      layout_rooms
D:3:      layout_rooms, grunt_temple_overflow_open, gammafunk_ghost_arena,
          dreamdust_mushroom_princess, minmay_misc_feat_alley, minmay_between,
          uniq_ijyb

Skill      XL: |  1  2  3 |
---------------+----------+-----
Axes           | 5 6 |  6.6
Fighting       | |  3.6
Dodging        | |  2.4

Action                     |  1- 3 |  4- 6 || total
---------------------------+-------+-------++-------
  Melee: Hand axe          |   101 |    25 ||   126
 Armour: Robe              |     3 |       ||     3
         Chain mail        |    42 |    30 ||    72
  Dodge: Dodged            |    26 |    13 ||    39

Table legend: (Time is in decaauts)
 A = Elapsed time spent in this place.
 B = Non-inter-level travel time spent in this place.
 C = Inter-level travel time spent in this place.
 D = Time resting spent in this place.
 E = Time spent auto-exploring this place.
 F = Levels seen in this place.
 G = Mean time per level.
                   A        B        C        D        E       F      G
               +--------+--------+--------+--------+--------+-----+--------+
         Total |   1388 |   1166 |    222 |     42 |    670 |   3 |  462.7 |
       Dungeon |   1388 |   1166 |    222 |     42 |    670 |   3 |  462.7 |
               +--------+--------+--------+--------+--------+-----+--------+

Top non-repeatable levels by time:
     D:2: 690 daAuts
     D:1: 532 daAuts
     D:3: 165 daAuts
